 Dungeon Crawl Stone Soup version 0.26-a0-490-gf8362a0c98 (webtiles) character file.

Game seed: 8224785936073327150

28 ANON1729 the Sneak (level 3, -1/31 HPs)
             Began as a Palentonga Delver on Aug 4, 2020.
             Slain by an orc
             ... wielding a +0 flail
              (3 damage)
             ... on level 5 of the Dungeon.
             The game lasted 00:03:13 (1093 turns).

ANON1729 the Sneak (Palentonga Delver)              Turns: 1093, Time: 00:03:14

Health: -1/31      AC:  4    Str: 14 (16) XL:     3   Next: 0%
Magic:  3/3        EV:  9    Int:  9 (10) God:
Gold:   47         SH:  0    Dex:  8 (11) Spells: 2/2 levels left

rFire    . . .     SeeInvis +   a - +0 falchion
rCold    . . .     Faith    .   (no shield)
rNeg     . . .     Spirit   .   b - +0 leather armour
rPois    .         Reflect  .   (no helmet)
rElec    .         Harm     .   (no cloak)
rCorr    .                      (no gloves)
MR       .....                  (boots restricted)
Stlth    ++........             (no amulet)
HPRegen  0.10/turn              (no ring)
MPRegen  0.08/turn              (no ring)

@: no status effects
A: large, rugged brown scales 3, see invisible, deformed body, roll, armoured
tail
a: Rolling Charge


You were on level 5 of the Dungeon.
You visited 1 branch of the dungeon, and saw 2 of its levels.

You collected 47 gold pieces.

Inventory:

Hand Weapons
 a - a +0 falchion (weapon)
Armour
 b - a +0 leather armour (worn)
Wands
 g - a wand of digging (3)
Scrolls
 c - a scroll of fog
 d - a scroll of magic mapping


   Skills:
 + Level 3.3 Fighting
 + Level 2.4 Long Blades
 + Level 2.0 Dodging
 + Level 3.5 Stealth


You had 2 spell levels left.
You didn't know any spells.
Your spell library was empty.

Dungeon Overview and Level Annotations

Branches:
Dungeon (6/15)
 Temple: D:4-7

Altars:

Annotations:
D:6 exclusion: centaur


Innate Abilities, Weirdness & Mutations

You are completely covered in rugged brown scales. (AC +3, +7% HP)
You have supernaturally acute eyesight. (SInv)
Armour fits poorly on your strangely shaped body.
You can roll at foes to attack.
You have a long armoured tail.


Message History

The ice beast hits you but does no damage.
The orc hits you with a +0 flail.
You closely miss the orc.
The orc is heavily wounded.
The ice beast hits you. The ice beast freezes you!
* * * LOW HITPOINT WARNING * * *
The orc barely misses you.
You riposte.
You hit the orc but do no damage.
The orc is heavily wounded.
Okay, then.
Press: ? - help, Dir - move target cursor, f - orc
Aim: an orc, wielding a +0 flail and wearing a +0 ring mail (heavily wounded) You're already next to there.
You're already next to there.
Okay, then.
You barely miss the orc.
The orc is heavily wounded.
The ice beast closely misses you.
You riposte.
You hit the ice beast.
The ice beast is lightly wounded.
The orc hits you with a +0 flail.
You die...

###. $.. ... .. #.. ##.
. .
########################
...............Y@o......
########################


You could see an ice beast and an orc.

Vanquished Creatures
  An adder (D:5)
  An ufetubus (D:5)
  An ooze (D:6)
  A leopard gecko (D:5)
  An orc (D:5)
  2 jackals (D:5)
  2 jackal skeletons (D:5)
  A leopard gecko skeleton (D:5)
10 creatures vanquished.

Notes
Turn   | Place    | Note
-------+----------+-------------------------------------------
     0 | D:5      | ANON1729 the Palentonga Delver began the quest for the Orb.
     0 | D:5      | Reached XP level 1. HP: 19/19 MP: 1/1
    52 | D:5      | Reached XP level 2. HP: 7/25 MP: 2/2
   298 | D:5      | Noticed a howler monkey
   503 | D:6      | Noticed a centaur
   644 | D:6      | Noticed a scorpion
   668 | D:5      | Reached XP level 3. HP: 5/31 MP: 3/3
  1052 | D:5      | Noticed an ice beast
  1093 | D:5      | Slain by an orc

Illustrated notes

Levels and vault maps discovered:
D:5:      layout_rooms, serial_curves, eino_curves_01, eino_curves_03,
          vehumet_altar_wand_db
D:6:      layout_gridville

Skill      XL: |  1  2 |
---------------+-------+-----
Dodging        | 2 |  2.0
Fighting       | |  3.3
Long Blades    | |  2.4
Stealth        | |  3.5

Action                   || total
-------------------------++-------
Melee: Falchion          ||    60
       Tailslap          ||     5
  Use: Potion            ||     3
       Scroll            ||     1
Armor: Leather armour    ||    24
Dodge: Dodged            ||    48
       Rpst.: Falchion   ||    14

Table legend: (Time is in decaauts)
 A = Elapsed time spent in this place.
 B = Non-inter-level travel time spent in this place.
 C = Inter-level travel time spent in this place.
 D = Time resting spent in this place.
 E = Time spent auto-exploring this place.
 F = Levels seen in this place.
 G = Mean time per level.
                   A        B        C        D        E       F      G
               +--------+--------+--------+--------+--------+-----+--------+
         Total |   1085 |   1085 |      0 |    770 |    101 |   2 |  542.5 |
       Dungeon |   1085 |   1085 |      0 |    770 |    101 |   2 |  542.5 |
               +--------+--------+--------+--------+--------+-----+--------+

Top non-repeatable levels by time:
     D:5: 746 daAuts
     D:6: 338 daAuts
